 Dungeon Crawl Stone Soup version 0.19-a0-27-g415f530 (webtiles) character file.

14 M4edhros the Grave Robber (level 2, 0/17 HPs)
             Began as an Octopode Necromancer on May 1, 2016.
             Succumbed to an adder's poison
             ... on level 3 of the Dungeon.
             The game lasted 00:01:06 (194 turns).

M4edhros the Grave Robber (Octopode Necromancer)     Turns: 194, Time: 00:01:07

Health: 0/17       AC:  1    Str:  7    XL:     2   Next: 45%
Magic:  5/5        EV: 12    Int: 17    God:
Gold:   8          SH:  0    Dex: 12    Spells: 1 memorised, 4 levels left

rFire  . . .     SeeInvis .       - Unarmed
rCold  . . .     Gourm    .     (no shield)
rNeg   . . .     Faith    .     (helmet restricted)
rPois  .         Spirit   .     (no amulet)
rElec  .         Dismiss  .     (no ring)
rCorr  .         Reflect  .     (no ring)
SustAt .         Harm     .     (no ring)
MR     .....                    (no ring)
Stlth  +++.......               (no ring)
                                (no ring)
                                (no ring)
                                (no ring)

@: lethally poisoned (0 -> -6), not resistant to hostile enchantments, fairly
stealthy
A: almost no armour, amphibious, 8 rings, constrict 8, camouflage 1, gelatinous
body 1
a: no special abilities


You were on level 3 of the Dungeon.
You were not hungry.

You visited 1 branch of the dungeon, and saw 3 of its levels.

You collected 8 gold pieces.

Inventory:

Scrolls
 d - a scroll of identify {unknown}
 e - 2 scrolls of enchant armour {unknown}
Books
 a - a book of Necromancy

   Spells                             Type                      Level
   a - Pain                           Necromancy                   1
   b - Animate Skeleton               Necromancy                   1
   c - Vampiric Draining              Necromancy                   3
   d - Regeneration                   Charms/Necromancy            3
   e - Animate Dead                   Necromancy                   4
   f - Control Undead                 Necromancy                   4
Comestibles
 b - a bread ration
 c - a chunk of flesh


   Skills:
 - Level 2.0 Dodging
 - Level 2.6 Stealth
 + Level 2.0 Unarmed Combat
 - Level 2.0 Spellcasting
 - Level 4.0 Necromancy


You had 4 spell levels left.
You knew the following spells:

 Your Spells              Type           Power        Failure   Level  Hunger
a - Pain                  Necr           ###.         3%          1    #......


Dungeon Overview and Level Annotations

Branches:
Dungeon (3/15)

Altars:
Gozag
Zin


Innate Abilities, Weirdness & Mutations

You cannot wear most types of armour.
You are amphibious.
You can wear up to eight rings at the same time.
You can use your tentacles to constrict eight enemies at once.
Your skin changes colour to match your surroundings (Stealth).
Your rubbery body absorbs attacks (AC +1).


Message History

It was a potion of heal wounds.
You feel much better.
The gnoll shouts!
Your magical contamination has completely faded away.
An adder and a gnoll come into view.
You see here a lumpy red potion.
f - a lumpy red potion The adder bites you.
The gnoll hits you!
A gnoll comes into view. It is wielding a whip.
The adder barely misses you. The adder misses you.
Found a scale mail.
Drink which item? (? for menu, Esc to quit)
It was a potion of cure mutation.
It has a very clean taste.
The adder bites you.
* * * LOW HITPOINT WARNING * * *
You are lethally poisoned!
The adder poisons you!
You tentacle-slap the adder. Your grab misses the adder.
The adder is lightly wounded.
You die...

.......#.# ##.#
.#.....#.####.#
_.............#
.#....##.######
)#...###...#
...#.###.#.##########
........<#...........
.............gg########[
.......###.##.lS@.......
.....#.# #..#.#######...
.....l.# #..#g# .....[)#
#...#. .......# #..###
.......# ..## ........
..g .#


You could see 2 gnolls, an adder and a giant newt.

Vanquished Creatures
  An ooze (D:1)
  An orc (D:3)
  2 bats
  2 kobolds (D:3)
  3 rats
9 creatures vanquished.

Notes
Turn   | Place    | Note
--------------------------------------------------------------
     0 | D:1      | M4edhros the Octopode Necromancer began the quest for the Orb.
     0 | D:1      | Reached XP level 1. HP: 11/11 MP: 3/3
    24 | D:1      | Reached skill level 1 in Unarmed Combat
    63 | D:2      | Reached XP level 2. HP: 5/17 MP: 3/5
    69 | D:2      | Found an opulent altar of Gozag.
   102 | D:3      | Found a glowing silver altar of Zin.
   194 | D:3      | Succumbed to an adder's poison

Vault maps used:
D:1:      onia_arrival_handbag, hex_medium
D:2:      gammafunk_temple_overflow_statue, grunt_gozag_statues,
          serial_corexii_hall, corexii_hall_statues_x, corexii_hall_statues_l,
          corexii_hall_statues_u, grunt_ministairs_2, kennysheep_doodads
D:3:      lemuel_crystal_altar, lemuel_coloured_pillars_altar,
          grunt_ministairs_8, kennysheep_jessica_study

Skill      XL: |  1  2 |
---------------+-------+-----
Unarmed Combat | 1 2 |  2.0
Dodging        | |  2.0
Stealth        | |  2.6
Spellcasting   | |  2.0
Necromancy     | |  4.0

Action                   || total
-------------------------++-------
Melee: Unarmed           ||    12
       Tentacles         ||     2
       Constrict         ||     1
 Cast: Pain              ||     9
  Use: Potion            ||     2
Armor: Skin              ||     3
Dodge: Dodged            ||     7
